 Dungeon Crawl Stone Soup version 0.29.1-14-g9c671dbff4 (webtiles) character file.

Game seed: 15205143119639424471

392 zeram the Grave Robber (level 6, -4/32 HPs)
             Began as a Deep Elf Necromancer on Feb 19, 2023.
             Slain by Crazy Yiuf
             ... wielding a +4 quarterstaff of chaos
              (8 damage)
             ... on level 3 of the Dungeon.
             The game lasted 00:10:31 (5192 turns).

zeram the Grave Robber (Deep Elf Necromancer)       Turns: 5192, Time: 00:10:31

Health: -4/32      AC: 20    Str:  5    XL:     6   Next: 50%
Magic:  15/15      EV: -4    Int: 22    God:
Gold:   184        SH:  0    Dex: 15    Spells: 8/15 levels left

rFire   . . .      SeeInvis +   q - +2 hammer (holy)
rCold   + . .      Faith    .   (no shield)
rNeg    . . .      Spirit   .   m - +8 plate armour of the Midnight Sun {rElec rC+ SInv}
rPois   .          Reflect  .   i - +0 helmet
rElec   +          Harm     .   (no cloak)
rCorr   .          Rampage  .   (no gloves)
Will    .....                   (no boots)
Stlth   ..........              (no amulet)
HPRegen 0.10/turn               o - +4 ring of slaying
MPRegen 0.14/turn               (no ring)

@: hasted, very quick
A: no striking features
a: no special abilities


You were on level 3 of the Dungeon.
You visited 1 branch of the dungeon, and saw 3 of its levels.
You also visited: Sewer.

You collected 184 gold pieces.

Inventory:

Hand Weapons
 q - a +2 hammer of holy wrath (weapon)
 s - a +2 whip of electrocution
Armour
 i - a +0 helmet (worn)
 m - the +8 plate armour of the Midnight Sun (worn) {rElec rC+ SInv}
   (You found it on level 3 of the Dungeon)

   rC:        It protects you from cold.
   rElec:     It insulates you from electricity.
   SInv:      It lets you see invisible.
Jewellery
 o - a +4 ring of slaying (left hand)
Wands
 f - a wand of flame (16)
Scrolls
 a - a scroll of acquirement {unknown}
 c - a scroll of poison {unknown}
 d - 4 scrolls of blinking
 g - a scroll of teleportation {unknown}
Potions
 b - a potion of heal wounds
 h - 2 potions of curing
 j - a potion of flight {unknown}
 k - a potion of cancellation {unknown}
 l - a potion of brilliance {unknown}
 n - a potion of ambrosia {unknown}
 p - a potion of mutation
 r - 2 potions of degeneration {unknown}


   Skills:
 + Level 2.0 Maces & Flails
 + Level 2.0 Armour
 + Level 3.1 Dodging
 - Level 2.5 Stealth
 + Level 5.1 Spellcasting
 + Level 6.6 Necromancy


You had 8 spell levels left.
You knew the following spells:

 Your Spells              Type           Power      Damage    Failure   Level
a - Necrotise             Necr           100%       1d9       100%        1
b - Vampiric Draining     Necr           34%        2d8       100%        3
c - Call Canine Familiar  Summ           5%         N/A       100%        3

Your spell library contained the following spells:

 Spells                   Type           Power      Damage    Failure   Level
 Portal Projectile        Hex/Tloc       10%        N/A       100%        3
 Animate Dead             Necr           34%        N/A       100%        4
 Leda's Liquefaction      Hex/Erth       2%         N/A       100%        4
 Agony                    Necr           34%        N/A       100%        5


Dungeon Overview and Level Annotations

Branches:
Dungeon (3/15)              Sewer (visited)

Altars:
Vehumet
Wu Jian

Shops:
D:2 [

Annotations:
D:3 Crazy Yiuf


Message History

You feel yourself speed up.
You open the door. You hit Crazy Yiuf but do no damage.
Crazy Yiuf hits you with a +4 quarterstaff of chaos.
You hit Crazy Yiuf but do no damage.
Crazy Yiuf hits you with a +4 quarterstaff of chaos!
You blink.
Aiming: Throw Flame
Press: ? - help, Shift-Dir - straight line, f - Crazy Yiuf
Aim: Crazy Yiuf, wielding a +4 quarterstaff of chaos and wearing a +0 cloak (72% to hit)
The puff of flame hits Crazy Yiuf!
Crazy Yiuf is moderately wounded.
You sock Crazy Yiuf!
Crazy Yiuf is severely wounded.
You hit Crazy Yiuf.
Crazy Yiuf is almost dead.
Crazy Yiuf cries, "Prologue spinner ena!"
Crazy Yiuf hits you with a +4 quarterstaff of chaos!
* * * LOW HITPOINT WARNING * * *
Crazy Yiuf draws strength from your wounds!
You hit Crazy Yiuf.
Crazy Yiuf is heavily wounded.
Crazy Yiuf cries, "Powder!"
Crazy Yiuf hits you with a +4 quarterstaff of chaos.
* * * LOW HITPOINT WARNING * * *
Crazy Yiuf burns you.
* * * LOW HITPOINT WARNING * * *
You hit Crazy Yiuf.
Crazy Yiuf is heavily wounded.
Crazy Yiuf hits you but does no damage.
You closely miss Crazy Yiuf.
Crazy Yiuf is heavily wounded.
Crazy Yiuf drinks a potion.
Crazy Yiuf is healed!
You hit Crazy Yiuf.
Crazy Yiuf is moderately wounded.
Crazy Yiuf hits you but does no damage.
You hit Crazy Yiuf but do no damage.
Crazy Yiuf is moderately wounded.
Crazy Yiuf hits you with a +4 quarterstaff of chaos!
You die...

.# #........#.##.#...####.###
.################.#......'......[
..................#.#..).####.###
########################## #....
####. ##. ##### ♣♣####.. #)..#♣♣
♣♣.)....# #@g.'.♣♣♣♣......##
#...#♣..♣..)..)##
#####♣♣♣.♣...)## ♣♣♣♣♣### ###
#### #.#######..##
#...........### ###......#..##.


You could see Crazy Yiuf.

Vanquished Creatures
  2 bullfrogs (Sewer)
  Natasha (thrice) (D:3)
  Ijyb (D:3)
  7 adders
  4 worms
  2 dart slugs (D:1)
  4 orcs (D:3)
  5 endoplasms
  13 giant cockroaches
  9 hobgoblins
  3 kobolds
  10 quokkas
  7 ball pythons
  2 bats
  6 frilled lizards
  5 goblins
  5 rats
88 creatures vanquished.

Vanquished Creatures (collateral kills)
  A worm (D:2)
  A goblin (D:1)
2 creatures vanquished.

Grand Total: 90 creatures vanquished

Notes
Turn   | Place    | Note
-------+----------+-------------------------------------------
     0 | D:1      | zeram the Deep Elf Necromancer began the quest for the Orb.
     0 | D:1      | Reached XP level 1. HP: 10/10 MP: 6/6
   187 | D:1      | Reached skill level 5 in Necromancy
   281 | D:1      | Reached XP level 2. HP: 12/15 MP: 1/8
   739 | D:1      | Found a faded altar of an unknown god.
  1332 | D:2      | Reached XP level 3. HP: 19/19 MP: 7/10
  1424 | D:2      | Learned a level 3 spell: Vampiric Draining
  1532 | D:2      | Reached skill level 6 in Necromancy
  1539 | D:2      | Learned a level 3 spell: Call Canine Familiar
  2014 | D:2      | Reached XP level 4. HP: 8/24 MP: 4/12
  2604 | D:2      | Found Dyuroc's Antique Armour Boutique.
  2743 | D:3      | Identified the +8 plate armour of the Midnight Sun {rElec
                  | rC+ SInv}
  2892 | D:3      | Noticed Ijyb
  2941 | D:3      | Killed Ijyb
  2964 | D:3      | Found a runed translucent door.
  2965 | D:3      | Noticed Crazy Yiuf
  3092 | D:3      | Noticed Natasha
  3097 | D:3      | Killed Natasha
  3098 | D:3      | Reached skill level 5 in Spellcasting
  3098 | D:3      | Reached XP level 5. HP: 28/28 MP: 12/14
  3150 | D:3      | Found a glowing drain.
  3159 | Sewer    | Entered a sewer
  3701 | Sewer    | Reached skill level 1 in Maces & Flails
  3716 | Sewer    | Reached skill level 1 in Armour
  3716 | Sewer    | Reached XP level 6. HP: 9/32 MP: 15/15
  4250 | D:3      | Noticed Natasha
  4266 | D:3      | Killed Natasha
  4612 | D:3      | Noticed Natasha
  4624 | D:3      | Killed Natasha
  4796 | D:3      | Found a radiant altar of Vehumet.
  4796 | D:3      | Found an ornate altar of the Wu Jian Council.
  5113 | D:3      | Identified the +5 kite shield "Wacyjyso" {Harm rCorr}
  5192 | D:3      | Slain by Crazy Yiuf

Illustrated notes

Levels and vault maps discovered:
D:1:      nzn_arrival_settlement, layout_loops_ring,
          hellmonk_ecumenical_altar_inner_sanctum, hex_tiny
D:2:      minmay_diamond_boxcup, layout_basic, serial_shops,
          nicolae_shop_behind_doors, st_stairs_13, kennysheep_generic_room_14
D:3:      layout_basic, gammafunk_temple_overflow_pools, portal_sewer_entry_d,
          uniq_ijyb, uniq_crazy_yiuf_cottage, uniq_natasha

Skill      XL: |  1  2  3  4  5  6 |
---------------+-------------------+-----
Necromancy     | 5 6 |  6.6
Spellcasting   | 4 5 |  5.1
Maces & Flails | 1 2 |  2.0
Armour         | 1 2 |  2.0
Dodging        | 3 |  3.1
Stealth        | |  2.5

Action                   |  1- 3 |  4- 6 || total
-------------------------+-------+-------++-------
Melee: Unarmed           |    20 |       ||    20
       Punch             |     1 |     3 ||     4
       Staff             |    22 |    79 ||   101
       Mace              |       |   149 ||   149
 Cast: Necrotise         |    57 |     4 ||    61
Evoke: Wand              |       |     1 ||     1
  Use: Scroll            |     3 |     4 ||     7
       Potion            |       |     2 ||     2
 Stab: Sleeping          |     3 |     1 ||     4
Armor: Robe              |     6 |     3 ||     9
       Plate armour      |       |   310 ||   310
Dodge: Dodged            |    39 |    27 ||    66
